Map: Hecate LE

Players

SubN - Winner!

  • Race: Zerg Zerg
  • League: Diamond
  • Spawn Location: 1:00

POCHEN

  • Race: Protoss Protoss
  • League: Platinum
  • Spawn Location: 7:00

VOD

Have the link to the VOD?

Description

Time

  • Played on: Dec. 20, 2023, 10:25 p.m.
  • Length: 9:37
Show
View Real Time Build Order
Export as new Build Order

SubN Zerg - Winner!

Build Orders: Hatch First 

Get SALT Encoding   

  12  0:00  Drone  
  13  0:12  Overlord  
  13  0:17  Drone  
  14  0:30  Drone x2  
  16  0:49  Hatchery  
  15  0:53  Drone  
  15  0:55  Drone  
  17  1:03  Drone  
  18  1:05  Extractor  
  17  1:17  Spawning Pool  
  16  1:20  Drone  
  16  1:24  Drone  
  18  1:28  Drone  
  19  1:38  Drone  
  20  1:50  Overlord  
  20  2:04  Queen x2  
  20  2:08  Drone x2  
  26  2:10  Drone  
  26  2:15  Drone  
  28  2:21  Drone  
  29  2:24  Drone  
  30  2:33  Drone x2  
  30  2:35  Metabolic Boost  
  32  2:55  Spine Crawler x2  
  32  2:57  Queen  
  32  3:06  Evolution Chamber  
  32  3:08  Evolution Chamber  
  32  3:09  Roach Warren  
  32  3:11  Drone x3  
  32  3:15  Overlord  
  32  3:26  Drone x4  
  31  3:36  Drone x3  
  33  3:43  Lair  
  33  3:51  Drone x3  
  36  3:55  Overlord  
  33  4:16  Drone x4  
  33  4:17  Drone x4  
  39  4:28  Drone x4  
  43  4:34  Overlord  
  43  4:37  Overlord  
  43  4:42  Glial Reconstitution  
  43  4:45  Extractor  
  42  4:55  Hatchery  
  41  5:00  Drone x5  
  41  5:05  Zerg Missile Weapons Level 1  
  41  5:07  Extractor  
  45  5:09  Zerg Ground Armor Level 1  
  45  5:22  Drone x2  
  45  5:27  Drone x4  
  45  5:28  Drone x3  
  54  5:39  Overlord  
  54  5:40  Overlord  
  54  5:48  Roach  
  56  5:54  Roach x2  
  60  6:05  Roach x5  
  70  6:11  Overlord  
  70  6:13  Overlord  
  70  6:16  Roach  
  70  6:17  Roach  
  74  6:19  Queen  
  74  6:20  Overlord  
  74  6:22  Overlord  
  74  6:25  Overlord  
  76  6:28  Roach  
  76  6:29  Roach x2  
  76  6:32  Ravager x3  
  85  6:37  Ravager  
  86  6:43  Overseer  
  86  6:50  Zergling x20  
  96  6:58  Drone x3  
  96  6:59  Extractor  
  98  7:05  Overlord x3, Hydralisk Den  
  89  7:42  Overlord x2  
  89  7:43  Overseer  
  87  7:46  Hydralisk  
  87  7:47  Hydralisk x4  
  95  7:54  Queen  
  95  7:57  Drone x4  
  95  7:58  Overlord x2  
  101  8:00  Zergling x6  
  101  8:01  Zergling x8  
  108  8:07  Hydralisk x2  
  108  8:08  Hydralisk  
  110  8:21  Hydralisk  
  110  8:22  Hydralisk x4  
  118  8:33  Hydralisk x2  
  118  8:34  Hydralisk  
  112  8:43  Zergling x12  
  112  8:44  Zergling x2  
  112  8:46  Queen x3  
  123  8:51  Hydralisk  
  123  8:52  Hydralisk x2  
  118  9:08  Hydralisk x2  
  118  9:09  Hydralisk  
Show
View Real Time Build Order
Export as new Build Order

POCHEN Protoss 

Build Orders:  

Get SALT Encoding   

  12  0:03  Probe  
  13  0:15  Probe  
  14  0:21  Pylon  
  14  0:27  Probe  
  15  0:39  Probe (Chrono Boost)  
  16  0:45  Gateway  
  16  0:52  Probe (Chrono Boost)  
  16  0:55  Assimilator  
  17  0:59  Probe (Chrono Boost)  
  18  1:09  Probe (Chrono Boost)  
  19  1:21  Probe (Chrono Boost)  
  19  1:24  Gateway  
  20  1:28  Probe (Chrono Boost)  
  21  1:34  Cybernetics Core  
  21  1:41  Probe  
  21  1:43  Pylon  
  21  1:45  Assimilator  
  22  1:54  Probe  
  23  2:06  Probe  
  24  2:11  Adept  
  24  2:12  Adept  
  28  2:18  Probe  
  29  2:26  Twilight Council  
  29  2:30  Probe  
  29  2:33  Warp Gate  
  30  2:42  Pylon  
  30  2:52  Probe  
  31  2:59  Shield Battery  
  31  3:03  Charge  
  31  3:05  Probe  
  32  3:06  Stalker  
  34  3:17  Probe  
  35  3:44  Nexus  
  36  3:48  Probe  
  36  3:50  Stargate  
  36  4:00  Probe  
  37  4:12  Probe  
  34  4:24  Probe  
  34  4:28  Assimilator  
  34  4:31  Assimilator, Nexus  
  35  4:32  Pylon  
  35  4:37  Probe  
  36  4:44  Fleet Beacon  
  36  4:49  Stargate, Probe  
  37  4:55  Probe  
  38  5:01  Probe (Chrono Boost)  
  38  5:04  Pylon  
  39  5:11  Probe (Chrono Boost)  
  39  5:13  Probe (Chrono Boost)  
  41  5:20  Probe (Chrono Boost)  
  43  5:21  Probe (Chrono Boost)  
  43  5:25  Probe (Chrono Boost)  
  43  5:27  Probe  
  44  5:30  Tempest (Chrono Boost)  
  44  5:33  Tempest (Chrono Boost)  
  55  5:39  Shield Battery  
  55  5:45  Probe  
  55  5:46  Probe  
  57  6:04  Probe x3  
  57  6:06  Tempest (Chrono Boost)  
  57  6:08  Tempest (Chrono Boost)  
  70  6:15  Pylon  
  70  6:30  Forge  
  70  6:34  Pylon  
  70  6:36  Robotics Facility  
  70  6:40  Tempest (Chrono Boost)  
  70  6:41  Assimilator  
  70  6:43  Assimilator  
  70  6:45  Gateway  
  70  6:46  Tempest  
  75  6:51  Probe x2  
  82  6:58  Probe  
  83  7:03  Probe x2  
  83  7:06  Stalker, Photon Cannon  
  87  7:15  Zealot  
  75  7:48  Stalker  
  75  7:50  Nexus  
  77  8:03  Nexus  
  77  8:35  Probe  
  77  8:40  Probe  
  77  8:43  Adept  
  77  8:47  Probe  
  73  8:52  Probe  
  64  9:22  Adept  
  64  9:23  Adept  
Tags
 
Add a new tag
Caveats
  • Supply blocks, unpowered buildings, or Contaminate may cause inaccurate times.
  • Supply counts are checked every 10 seconds.